 Dungeon Crawl Stone Soup version 0.27-a0-1359-ga2a4dfd6fd (webtiles) character file.

Game seed: 14173471232152976125

149 basicallysejuani the Stinger (level 5, 0/55 HPs)
             Began as a Gnoll Venom Mage on June 29, 2021.
             Was a Believer of Makhleb.
             Slain by a water moccasin (2 damage)
             ... in a sewer.
             The game lasted 00:29:31 (3496 turns).

basicallysejuani the Stinger (Gnoll Venom Mage)     Turns: 3496, Time: 00:29:34

Health: 0/55       AC: 22    Str:  9    XL:     5   Next: 31%
Magic:  11/12      EV:  2    Int: 14    God:    Makhleb [**....]
Gold:   117        SH:  0    Dex: 12    Spells: 5/14 levels left

rFire    + . .     SeeInvis .   i - +0 war axe
rCold    . . .     Faith    .   (no shield)
rNeg     + + +     Spirit   .   (armour currently unavailable)
rPois    +         Reflect  .   (helmet currently unavailable)
rElec    .         Harm     .   (cloak currently unavailable)
rCorr    .         Rampage  .   (gloves currently unavailable)
Will     .....     NoTele   +   (boots currently unavailable)
Stlth    +++.......             (no amulet)
HPRegen  0.18/turn              e - ring of protection from fire
MPRegen  0.13/turn              (no ring)

@: brilliant, lethally poisoned (0 -> -1), tree-form, attractive
A: stationary, stasis, torment immunity, boosted hp, (fangs 1), strong nose,
distributed training
a: Renounce Religion, Minor Destruction


You were in a sewer.
You worshipped Makhleb.
Makhleb was pleased with you.
You were a tree.
You visited 1 branch of the dungeon, and saw 3 of its levels.
You also visited: Sewer.

You collected 117 gold pieces.

Inventory:

Hand Weapons
 h - a +0 short sword
 i - a +0 war axe (weapon)
 p - a +0 great sword
 u - a +0 hunting sling
 w - a +0 hand crossbow
Missiles
 d - 65 stones
 j - 7 poisoned darts
 x - 15 bolts
Armour
 a - a +0 robe (melded)
 c - a +0 plate armour
 g - a +0 leather armour
 k - a +0 ring mail
 s - a +0 kite shield
Jewellery
 e - a ring of protection from fire (left branch)
Scrolls
 b - 2 scrolls of immolation {unknown}
 l - a scroll of acquirement {unknown}
 n - 5 scrolls of teleportation {unknown}
 o - 4 scrolls of identify {unknown}
 r - a scroll of noise {unknown}
Potions
 f - a potion of brilliance
 m - a potion of curing {unknown}
 q - a potion of attraction
 t - a potion of berserk rage {unknown}
 v - a potion of lignification
 z - a potion of degeneration {unknown}


   Skills:
 + Level 1.4 Fighting
 + Level 1.4 Short Blades
 + Level 1.4 Long Blades
 + Level 1.4 Axes
 + Level 1.4 Maces & Flails
 + Level 1.4 Polearms
 + Level 1.4 Staves
 + Level 1.4 Slings
 + Level 1.4 Bows
 + Level 1.4 Crossbows
 + Level 1.4 Throwing
 + Level 1.4 Armour
 + Level 4.7 Dodging
 + Level 4.4 Stealth
 + Level 1.4 Shields
 + Level 1.4 Unarmed Combat
 + Level 5.2 Spellcasting
 + Level 1.1 Conjurations
 + Level 1.1 Hexes
 + Level 1.1 Summonings
 + Level 1.1 Necromancy
 + Level 1.1 Translocations
 + Level 2.3 Transmutations
 + Level 1.1 Fire Magic
 + Level 1.1 Ice Magic
 + Level 1.1 Air Magic
 + Level 1.1 Earth Magic
 + Level 5.5 Poison Magic
 + Level 1.6 Invocations
 + Level 1.4 Evocations


You had 5 spell levels left.
You knew the following spells:

 Your Spells              Type           Power      Damage    Failure   Level
a - Sting                 Tmut/Pois      88%        1d7       3%          1
b - Poisonous Vapours     Pois/Air       38%        N/A       7%          2
c - Ignite Poison         Fire/Tmut/Pois 18%        N/A       14%         3
d - Mephitic Cloud        Conj/Pois/Air  16%        N/A       17%         3

Your spell library contained the following spells:

 Spells                   Type           Power      Damage    Failure   Level
 Olgreb's Toxic Radiance  Pois           28%        N/A       17%         4


Dungeon Overview and Level Annotations

Branches:
Dungeon (3/15)              Sewer (1/1)

Altars:
Cheibriados
Makhleb


Innate Abilities, Weirdness & Mutations

You are a tree.
Your roots penetrate the ground, keeping you stationary.
You cannot be teleported.
You are immune to unholy pain and torment.
Your maximum health is greatly increased.
Your equipment is partially melded.
((You have very sharp teeth.))
Your uncanny sense of smell can sniff out nearby items.
Your experience applies equally to all skills.


Message History

You feel clever all of a sudden.
* * * LOW HITPOINT WARNING * * *
You feel very sick. The water moccasin barely misses you.
It was a potion of attraction.
You feel attractive to monsters.
* * * LOW HITPOINT WARNING * * *
You feel sick. The water moccasin bites you.
* * * LOW HITPOINT WARNING * * *
It was a potion of lignification.
You turn into a tree.
Your +0 robe melds into your body.
Your roots penetrate the ground.
* * * LOW HITPOINT WARNING * * *
You feel sick.
The water moccasin bites you but does no damage. x2
Okay, then.
Really attack while wielding your +0 hand crossbow? [Y]es or [N]o only, please.
Really attack while wielding your +0 hand crossbow?
Okay, then.
i - a +0 war axe (weapon)
* * * LOW HITPOINT WARNING * * *
You feel sick.
Okay, then.
You miss the water moccasin.
The water moccasin is heavily wounded.
* * * LOW HITPOINT WARNING * * *
You feel sick.
The water moccasin looks more healthy.
The water moccasin bites you but does no damage. x2
You closely miss the water moccasin.
The water moccasin is heavily wounded.
* * * LOW HITPOINT WARNING * * *
You feel sick.
The water moccasin bites you but does no damage. x2
You barely miss the water moccasin.
The water moccasin is heavily wounded.
* * * LOW HITPOINT WARNING * * *
You feel sick.
The water moccasin bites you but does no damage.
The water moccasin bites you.
You die...

##.≈≈##
#.....#
##...≈≈##
#..≈#.≈.#
##..###..##
#...# #≈..#
#..## ##..#
#..# #..#
#.≈# #≈♣#
#..# ##.S#
#.≈. #...#
##.. #≈.##
#..≈#...#
##..≈..##
#.≈.≈≈
##.≈≈# #...


You could see a water moccasin.

Vanquished Creatures
  A hound skeleton (D:3)
  4 adders
  3 river rats (D:3)
  A worm (D:2)
  A dart slug (D:1)
  An orc (D:3)
  7 bats
  5 endoplasms
  2 giant cockroaches
  2 hobgoblins
  10 jackals
  10 kobolds
  3 quokkas
  2 ball pythons
  5 frilled lizards
  4 goblins
  7 rats
68 creatures vanquished.

Notes
Turn   | Place    | Note
-------+----------+-------------------------------------------
     0 | D:1      | basicallysejuani the Gnoll Venom Mage began the quest for
                  | the Orb.
     0 | D:1      | Reached XP level 1. HP: 13/13 MP: 6/6
   195 | D:1      | Reached XP level 2. HP: 19/19 MP: 4/7
   540 | D:1      | Learned a level 2 spell: Poisonous Vapours
   667 | D:1      | Reached XP level 3. HP: 25/25 MP: 3/9
   894 | D:1      | Reached skill level 5 in Spellcasting
  1149 | D:1      | Found a faded altar of an unknown god.
  1156 | D:1      | Became a worshipper of Makhleb the Destroyer
  1156 | D:1      | Reached * piety under Makhleb
  1422 | D:2      | Reached skill level 1 in Invocations
  1562 | D:2      | Reached skill level 1 in Fighting
  1562 | D:2      | Reached skill level 1 in Short Blades
  1562 | D:2      | Reached skill level 1 in Long Blades
  1562 | D:2      | Reached skill level 1 in Axes
  1562 | D:2      | Reached skill level 1 in Maces & Flails
  1562 | D:2      | Reached skill level 1 in Polearms
  1562 | D:2      | Reached skill level 1 in Staves
  1562 | D:2      | Reached skill level 1 in Slings
  1562 | D:2      | Reached skill level 1 in Bows
  1562 | D:2      | Reached skill level 1 in Crossbows
  1562 | D:2      | Reached skill level 1 in Throwing
  1562 | D:2      | Reached skill level 1 in Armour
  1562 | D:2      | Reached skill level 1 in Shields
  1562 | D:2      | Reached skill level 1 in Unarmed Combat
  1562 | D:2      | Reached skill level 1 in Evocations
  1608 | D:2      | Reached XP level 4. HP: 25/32 MP: 8/11
  1923 | D:2      | Reached ** piety under Makhleb
  2335 | D:2      | Found a snail-covered altar of Cheibriados.
  2545 | D:3      | Reached skill level 1 in Conjurations
  2545 | D:3      | Reached skill level 1 in Hexes
  2545 | D:3      | Reached skill level 1 in Summonings
  2545 | D:3      | Reached skill level 1 in Necromancy
  2545 | D:3      | Reached skill level 1 in Translocations
  2545 | D:3      | Reached skill level 1 in Fire Magic
  2545 | D:3      | Reached skill level 1 in Ice Magic
  2545 | D:3      | Reached skill level 1 in Air Magic
  2545 | D:3      | Reached skill level 1 in Earth Magic
  3063 | D:3      | Reached XP level 5. HP: 31/37 MP: 9/12
  3089 | D:3      | Found a glowing drain.
  3099 | Sewer    | Entered a sewer
  3231 | Sewer    | Learned a level 3 spell: Ignite Poison
  3235 | Sewer    | Learned a level 3 spell: Mephitic Cloud
  3481 | Sewer    | Noticed a water moccasin
  3496 | Sewer    | HP: 2/55 [poisoned by a water moccasin]
  3496 | Sewer    | Slain by a water moccasin

Illustrated notes

Levels and vault maps discovered:
D:1:      minmay_arrival_checkered_box, layout_loops_ring,
          ebering_ecumenical_altar_mist
D:2:      layout_basic, serial_corexii_hall, chequers_hall_statues_wall_a,
          corexii_hall_statues_l, basic_altar
D:3:      layout_loops_cross, gup_sewer_entry_bubbles, eino_tiny_chamber,
          serial_bayou_crossing
Sewer:    sewer_the_moccasin

Skill      XL: |  1  2  3  4 |
---------------+-------------+-----
Transmutations | 2 |  2.3
Spellcasting   | 5 |  5.2
Invocations    | 1 |  1.6
Fighting       | 1 |  1.4
Short Blades   | 1 |  1.4
Long Blades    | 1 |  1.4
Axes           | 1 |  1.4
Maces & Flails | 1 |  1.4
Polearms       | 1 |  1.4
Staves         | 1 |  1.4
Slings         | 1 |  1.4
Bows           | 1 |  1.4
Crossbows      | 1 |  1.4
Throwing       | 1 |  1.4
Armour         | 1 |  1.4
Shields        | 1 |  1.4
Unarmed Combat | 1 |  1.4
Evocations     | 1 |  1.4
Conjurations   | 1 |  1.1
Hexes          | 1 |  1.1
Summonings     | 1 |  1.1
Necromancy     | 1 |  1.1
Translocations | 1 |  1.1
Fire Magic     | 1 |  1.1
Ice Magic      | 1 |  1.1
Air Magic      | 1 |  1.1
Earth Magic    | 1 |  1.1
Dodging        | |  4.7
Stealth        | |  4.4
Poison Magic   | |  5.5

Action                   |  1- 3 |  4- 6 || total
-------------------------+-------+-------++-------
Melee: Unarmed           |     3 |       ||     3
       War axe           |    23 |    40 ||    63
       Bite              |     1 |       ||     1
       Great sword       |       |     9 ||     9
 Fire: Hunting sling     |       |    10 ||    10
       Hand crossbow     |       |     3 ||     3
 Cast: Sting             |    42 |    27 ||    69
       Poisonous Vapours |    17 |    22 ||    39
Invok: Minor Destruction |       |     2 ||     2
  Use: Potion            |       |     3 ||     3
Armor: Robe              |     2 |       ||     2
       Leather armour    |    14 |    21 ||    35
       Plate armour      |       |    18 ||    18
       Skin              |       |     7 ||     7
Dodge: Dodged            |    35 |    32 ||    67
Block: Kite shield       |       |     6 ||     6
       Rpst.: Great sword |       |     3 ||     3

Table legend: (Time is in decaauts)
 A = Elapsed time spent in this place.
 B = Non-inter-level travel time spent in this place.
 C = Inter-level travel time spent in this place.
 D = Time resting spent in this place.
 E = Time spent auto-exploring this place.
 F = Levels seen in this place.
 G = Mean time per level.
                   A        B        C        D        E       F      G
               +--------+--------+--------+--------+--------+-----+--------+
         Total |   3560 |   3243 |    317 |   1347 |   1211 |   4 |  890.0 |
       Dungeon |   3151 |   2834 |    317 |   1088 |   1211 |   3 | 1050.3 |
         Sewer |    409 |    409 |      0 |    259 |      0 |   1 |  409.0 |
               +--------+--------+--------+--------+--------+-----+--------+

Top non-repeatable levels by time:
     D:1: 1277 daAuts
     D:2: 1247 daAuts
     D:3: 626 daAuts
   Sewer: 409 daAuts
